 Dungeon Crawl Stone Soup version 0.31-a0-691-g409c26aa35 (webtiles) character file.

Game seed: 1401065854899381672

44 javelincjr the Trooper (level 3, -3/29 HPs)
             Began as a Demonspawn Fighter on Sept 6, 2023.
             Killed from afar by Sigmund (12 damage)
             ... with a puff of flame
             ... on level 2 of the Dungeon.
             The game lasted 00:02:04 (787 turns).

javelincjr the Trooper (Demonspawn Fighter)          Turns: 787, Time: 00:02:05

Health: -3/29      AC:  6    Str: 18    XL:     3   Next: 41%
Magic:  3/3        EV:  9    Int:  9    God:
Gold:   12         SH:  4    Dex: 12    Spells: 2/2 levels left

rFire   . . .        a - +0 trident
rCold   . . .        c - +0 buckler
rNeg    . . .        b - +0 scale mail
rPois   .            (no helmet)
rElec   .            (no cloak)
rCorr   .            (no gloves)
SInv    .            (no boots)
Will    .....        (no amulet) Stlth
                     (no ring)
HPRegen 0.24/turn    (no ring)
MPRegen 0.08/turn

%: no passive effects
@: no status effects
A: weakness stinger 1
a: no special abilities


You were on level 2 of the Dungeon.
You visited 1 branch of the dungeon, and saw 2 of its levels.

You collected 12 gold pieces.

Inventory:

Hand Weapons
 a - a +0 trident (weapon)
Armour
 b - a +0 scale mail (worn)
 c - a +0 buckler (worn)
Jewellery
 i - a ring of ice
Scrolls
 e - 2 scrolls of fear {unknown}
 g - a scroll of teleportation {unknown}
 j - a scroll of blinking {unknown}
 l - a scroll of identify {unknown}
 m - a scroll of revelation {unknown}
Potions
 d - a potion of might
 f - a potion of haste {unknown}
 h - a potion of heal wounds {unknown}
 k - 3 potions of mutation {unknown}


   Skills:
 + Level 3.4 Fighting
 + Level 2.2 Polearms
 + Level 3.1 Armour
 + Level 3.1 Shields


You had 2 spell levels left.
You didn't know any spells.
Your spell library contained the following spells:

 Spells                   Type           Power      Damage    Failure   Level
 Malign Gateway           Summ/Tloc      0%         N/A       100%        7
 Summon Horrible Things   Summ           0%         N/A       100%        8


Dungeon Overview and Level Annotations

Branches:
Dungeon (2/15)

Altars:

Annotations:
D:2 Sigmund


Innate Abilities, Weirdness & Mutations

You have a small tail.


Message History

You puncture the endoplasm!
You kill the endoplasm!
No target in view!
Found a stone staircase leading down.
A ball python comes into view.
The ball python hisses angrily.
You reach to attack!
You barely miss the ball python. You puncture the ball python!
You kill the ball python!
No target in view!
A rat comes into view.
The rat moves out of view.
Sigmund the Dreaded comes into view.
He is wielding a +0 scythe.
Found 7 stones.
You reach to attack!
You closely miss the rat. Sigmund gestures at you while chanting.
You are confused.
You miss the rat. The rat closely misses you.
Sigmund's eyes start glowing with a red light.
The rat bites you but does no damage.
You're too confused to move!
Sigmund mumbles some strange words.
Sigmund flickers and vanishes!
Deactivating autopickup; reactivate with Ctrl-A.
The rat bites you but does no damage.
You're too confused to move!
The rat bites you but does no damage.
You closely miss the rat. The rat bites you but does no damage.
You bump into the rock wall.
Something hits you! The rat bites you but does no damage.
You hit the rat.
You kill the rat!
You bump into the rock wall.
You feel less confused. Something hits you. Something hits you.
Something hits you!
* * * LOW HITPOINT WARNING * * *
A puff of flame appears from out of thin air!
The puff of flame hits you!
You die...

#..#...............
#..#......####[....
###..#.....###.......
#..............#(.###
#.......{..######.#
#..........# .#
#..........# .#
#.........># ..
#...@......#
#............#
####.#######.. #.#
##. #.# .## #.#
#######... #.#
#.......# . #.#
#.......##.
#.###..........


There were no monsters in sight!

Vanquished Creatures
  2 adders (D:2)
  4 ball pythons
  2 endoplasms
  2 giant cockroaches
  2 goblins (D:1)
  3 hobgoblins (D:1)
  2 kobolds (D:1)
  3 quokkas (D:1)
  2 frilled lizards (D:1)
  3 rats
25 creatures vanquished.

Notes
Turn   | Place    | Note
-------+----------+-------------------------------------------
     0 | D:1      | javelincjr the Demonspawn Fighter began the quest for the
                  | Orb.
     0 | D:1      | Reached XP level 1. HP: 18/18 MP: 1/1
   131 | D:1      | Discovered your monstrous ancestry.
   131 | D:1      | Gained mutation: You have a small tail. [demonic ancestry]
   131 | D:1      | Reached XP level 2. HP: 16/24 MP: 2/2
   684 | D:2      | Reached XP level 3. HP: 29/29 MP: 3/3
   768 | D:2      | Noticed Sigmund
   787 | D:2      | Killed from afar by Sigmund

Illustrated notes

Levels and vault maps discovered:
D:1:      shiori_arrival_oz, layout_basic, chequers_decorated_corner,
          interstate_on_off
D:2:      layout_rooms, uniq_sigmund

Skill      XL: |  1  2 |
---------------+-------+-----
Polearms       | 2 |  2.2
Shields        | 3 |  3.1
Armour         | 3 |  3.1
Fighting       | |  3.4

Action                     || total
---------------------------++-------
  Melee: Trident           ||    80
         Tailslap          ||     3
 Armour: Scale mail        ||    40
  Dodge: Dodged            ||    25
  Block: Buckler           ||     9

Table legend: (Time is in decaauts)
 A = Elapsed time spent in this place.
 B = Non-inter-level travel time spent in this place.
 C = Inter-level travel time spent in this place.
 D = Time resting spent in this place.
 E = Time spent auto-exploring this place.
 F = Levels seen in this place.
 G = Mean time per level.
                   A        B        C        D        E       F      G
               +--------+--------+--------+--------+--------+-----+--------+
         Total |    805 |    801 |      4 |      0 |    610 |   2 |  402.5 |
       Dungeon |    805 |    801 |      4 |      0 |    610 |   2 |  402.5 |
               +--------+--------+--------+--------+--------+-----+--------+

Top non-repeatable levels by time:
     D:1: 692 daAuts
     D:2: 113 daAuts
